 Dungeon Crawl Stone Soup version 0.28-b1-25-g9875b3fc8c (webtiles) character file.

Game seed: 13421505041648471133

96 crazypyro the Twirler (level 4, -3/32 HPs)
             Began as a Demonspawn Wanderer on Feb 1, 2022.
             Slain by an orc warrior (9 damage)
             ... on level 4 of the Dungeon.
             The game lasted 00:05:11 (2707 turns).

crazypyro the Twirler (Demonspawn Wanderer)         Turns: 2707, Time: 00:05:11

Health: -3/32      AC: 10    Str: 14    XL:     4   Next: 41%
Magic:  4/4        EV:  9    Int: 15    God:
Gold:   116        SH:  0    Dex: 11    Spells: 3/3 levels left

rFire   . . .      SeeInvis .   a - +0 quarterstaff
rCold   . . .      Faith    .   (shield currently unavailable)
rNeg    . . .      Spirit   .   i - +2 scale mail
rPois   .          Reflect  .   (helmet restricted)
rElec   .          Harm     .   (no cloak)
rCorr   .          Rampage  .   (no gloves)
Will    .....                   (no boots)
Stlth   ..........              (no amulet)
HPRegen 0.10/turn               (no ring)
MPRegen 0.09/turn               (no ring)

@: no status effects
A: horns 1, slimy green scales 1, powered by death 1
a: no special abilities


You were on level 4 of the Dungeon.
You visited 1 branch of the dungeon, and saw 4 of its levels.

You collected 116 gold pieces.

Inventory:

Hand Weapons
 a - a +0 quarterstaff (weapon)
 b - a +0 hunting sling
Missiles
 k - 87 stones (quivered)
Armour
 i - a +2 scale mail (worn)
Scrolls
 c - 2 scrolls of teleportation
 g - a scroll of amnesia {unknown}
 h - a scroll of identify {unknown}
 l - a scroll of fear {unknown}
Potions
 d - a potion of lignification {unknown}
 e - a potion of haste {unknown}
 f - a potion of curing {unknown}
 j - a potion of mutation {unknown}


   Skills:
 - Level 1.0 Fighting
 * Level 3.8 Staves
 + Level 1.1(1.6) Slings
 - Level 1.7(2.0) Throwing
 - Level 2.2 Armour
 - Level 1.7 Stealth
 - Level 1.0 Evocations


You had 3 spell levels left.
You didn't know any spells.
Your spell library contained the following spells:

 Spells                   Type           Power      Damage    Failure   Level
 Blink                    Tloc           0%         N/A       86%         2
 Dazzling Flash           Conj/Hex       0%         N/A       98%         3
 Lesser Beckoning         Tloc           0%         N/A       98%         3
 Agony                    Necr           0%         N/A       100%        5
 Manifold Assault         Tloc           0%         N/A       100%        5
 Silence                  Hex/Air        0%         N/A       100%        5


Dungeon Overview and Level Annotations

Branches:
Dungeon (4/15)
 Temple: D:4-7

Altars:
Zin

Shops:
D:3 (


Innate Abilities, Weirdness & Mutations

You have a pair of small horns on your head.
You are partially covered in slimy green scales. (AC +2)
You regenerate a little health from kills.


Message History

You kill the endoplasm!
Found 13 bolts and a falchion.
No target in view!
k - 92 stones (gained 1)
An orc comes into view. It is wielding a +0 club.
The orc shouts!
You shoot a stone. The stone barely misses the orc.
You shoot a stone. The stone hits the orc.
The orc is almost dead.
An orc warrior comes into view. It is wielding a +0 war axe.
An orc comes into view. It is wielding a +0 club.
You shoot a stone.
The stone hits the orc but does no damage.
The orc is almost dead.
You shoot a stone.
The stone hits the orc but does no damage.
The orc is almost dead.
You shoot a stone. The stone closely misses the orc. x2
a - a +0 quarterstaff (weapon)
The orc hits you but does no damage.
You hit the orc.
You kill the orc!
There is a stone staircase leading up here.
You completely miss the orc warrior. Your headbutt misses the orc warrior.
The orc warrior hits you but does no damage.
The orc hits you with a +0 club.
You closely miss the orc warrior.
The orc warrior hits you with a +0 war axe!
The orc hits you with a +0 club.
You hit the orc warrior.
The orc warrior is moderately wounded.
The orc warrior hits you with a +0 war axe!
* * * LOW HITPOINT WARNING * * *
The orc hits you but does no damage.
You hit the orc warrior but do no damage.
Your headbutt misses the orc warrior.
The orc warrior is moderately wounded.
The orc warrior closely misses you. The orc completely misses you.
The orc warrior hits you with a +0 war axe!
You die...

......(#
.......
####..(..####
......(....#
#.)(.(....
#........
#....# #.oo.#
##@..# #...##
#.### #<# #.#
#.# #.# #.#
#.#


You could see an orc warrior and an orc.

Vanquished Creatures
  A gnoll (D:1)
  4 adders (D:3)
  2 worms
  An orc (D:4)
  2 ball pythons
  6 endoplasms
  3 giant cockroaches (D:1)
  6 goblins
  A hobgoblin (D:3)
  3 jackals (D:1)
  A quokka (D:1)
  5 bats
  A frilled lizard (D:1)
  4 kobolds
  4 rats
44 creatures vanquished.

Notes
Turn   | Place    | Note
-------+----------+-------------------------------------------
     0 | D:1      | crazypyro the Demonspawn Wanderer began the quest for the
                  | Orb.
     0 | D:1      | crazypyro set off with the following items: a +0
                  | quarterstaff, a +2 scale mail, a scroll of teleportation
     0 | D:1      | Reached XP level 1. HP: 15/15 MP: 1/1
    39 | D:1      | Reached skill level 2 in Staves
    45 | D:1      | Gained mutation: You regenerate a little health from kills.
                  | [demonic ancestry]
    45 | D:1      | Reached XP level 2. HP: 3/21 MP: 2/2
   855 | D:1      | Gained mutation: You are partially covered in slimy green
                  | scales. (AC +2) [demonic ancestry]
   855 | D:1      | Reached XP level 3. HP: 26/26 MP: 3/3
   948 | D:1      | Found a faded altar of an unknown god.
  1008 | D:2      | Reached skill level 3 in Staves
  2187 | D:3      | Gained mutation: You have a pair of small horns on your
                  | head. [demonic ancestry]
  2187 | D:3      | Reached XP level 4. HP: 24/32 MP: 4/4
  2334 | D:3      | Found Ocruaz's Weapon Shoppe.
  2378 | D:3      | Reached skill level 1 in Slings
  2696 | D:4      | Noticed an orc warrior
  2707 | D:4      | Slain by an orc warrior

Illustrated notes

Levels and vault maps discovered:
D:1:      dpeg_arrival_renting, layout_basic,
          shapermc_ecumenical_altar_hornbeckon
D:2:      layout_loops_ring
D:3:      layout_loops_ring, zin_scriptorium, serial_shops,
          nicolae_shop_bloodbath_and_beyond, minmay_misc_feat_secret_circle
D:4:      layout_loops_ring, minmay_temple_entry_junction,
          ebering_ghost_reflecting_pool

Skill      XL: |  1  2  3  4 |
---------------+-------------+-----
Staves         | 2 3 |  3.8
Armour         | 2 |  2.2
Slings         | 1 |  1.1
Fighting       | |  1.0
Throwing       | |  1.7
Stealth        | |  1.7
Evocations     | |  1.0

Action                   |  1- 3 |  4- 6 || total
-------------------------+-------+-------++-------
Melee: Quarterstaff      |   119 |    13 ||   132
       Headbutt          |       |     1 ||     1
 Fire: Hunting sling     |    22 |    19 ||    41
Armor: Scale mail        |    61 |     8 ||    69
Dodge: Dodged            |    60 |     8 ||    68
